Sewer Rats vs Senators

Created - January 13, 2021 at 19:33

Goals
1 2 3 T
Sewer Rats 0 0 4 4
Senators 0 0 1 1
Shots
1 2 3 T
Sewer Rats 4 3 14 21
Senators 7 9 10 26

1st period

No Goal

Penalties :
Thomas Chabot (Tol) for Boarding (Minor) at 1:25

2nd period

No Goal

Penalties :
Joseph Blandisi (Tol) for Tripping (Minor) at 1:31, Jack Dougherty (BIN) for Interference (Minor) at 4:22, Jarred Tinordi (Tol) for Tripping (Minor) at 17:59

3rd period

1. Senators , Eric Mestery 2 (Grant Besse 10, Kevin Rooney 9) at 2:37
2. Sewer Rats , Jonathan Marchessault 13 (Vincent Trocheck 28, Daniel Carr 23) at 3:52
3. Sewer Rats , John Ramage 1 (Ryan Murphy 11, Erik Condra 20) at 4:42
4. Sewer Rats , Drake Caggiula 7 (Dmitrij Jaskin 15) at 13:18
5. Sewer Rats , Jonathan Marchessault 14 (Thomas Chabot 14, Ryan Murphy 12) at 17:35

Penalties :
Jonathan Ferland (BIN) for Goalie Interference (Minor) at 5:55, Jonathan Marchessault (Tol) for Kneeing (Minor) at 9:56

Goalie Stats

Darcy Kuemper (Tol), 25 saves from 26 shots - (0.962), W, 5-4-1, 60:00 minutes
Justin Peters (BIN), 17 saves from 21 shots - (0.810), L, 17-12-2, 60:00 minutes

Players Stats for Sewer Rats

Player Name              G  A  P  +/- PIM S  H  SB GA TA FO     MP     PP MP  PK MP  
------------------------------------------------------------------------------------
Anthony Duclair          0  0  0   2  0   0  0  1  0  0  0/0    13:40   0:00   0:22 
Connor Carrick           0  0  0   2  0   0  0  0  0  0  0/0    11:24   0:00   0:18 
Daniel Carr              0  1  1  -1  0   0  4  1  0  0  1/3    24:14   2:07   4:24 
Dmitrij Jaskin           0  1  1   2  0   1  3  1  0  0  0/0    14:33   1:44   0:00 
Drake Caggiula           1  0  1   2  0   4  1  1  0  0  2/5    14:52   0:00   1:48 
Erik Condra              0  1  1   2  0   1  2  0  0  0  0/0    14:57   0:07   0:00 
Jared McCann             0  0  0   0  0   0  0  0  0  0  1/1     4:25   0:13   0:00 
Jarred Tinordi           0  0  0   1  2   0  2  3  0  0  0/0    23:27   1:55   3:23 
Joel Edmundson           0  0  0   1  0   0  2  0  1  2  0/0    24:32   1:55   4:28 
John Ramage              1  0  1   0  0   2  0  0  0  0  0/0    18:03   2:03   3:10 
Jonathan Marchessault    2  0  2   2  2   5  0  0  0  0  3/9    18:32   1:44   1:44 
Jonathan Racine          0  0  0   0  0   0  0  0  0  0  0/0     6:01   0:00   0:00 
Joseph Blandisi          0  0  0   2  2   1  1  1  0  0  0/1    17:29   1:44   0:43 
Mark Mancari             0  0  0  -1  0   2  1  1  1  2  1/1    20:17   2:07   2:23 
Ryan Murphy              0  2  2   0  0   1  0  1  0  0  0/0    18:03   2:03   3:10 
Thomas Chabot            0  1  1   2  2   0  0  0  1  2  0/0    12:11   0:00   1:05 
Vincent Trocheck         0  1  1  -1  0   4  1  1  0  0  14/32  24:25   2:08   4:28 
Xavier Ouellet           0  0  0   0  0   0  0  0  0  0  0/0     6:19   0:00   0:18 
Zach Aston-Reese         0  0  0   0  0   0  0  0  0  1  0/1     4:36   0:00   0:00 

Players Stats for Senators

Player Name              G  A  P  +/- PIM S  H  SB GA TA FO     MP     PP MP  PK MP  
------------------------------------------------------------------------------------
A.J. Jenks               0  0  0  -2  0   1  1  0  1  0  0/0    12:55   0:06   0:00 
Anthony Bitetto          0  0  0  -2  0   1  0  1  1  0  0/0    27:22   4:39   2:24 
Brett Bulmer             0  0  0  -2  0   2  1  0  0  0  0/0    12:48   0:00   0:00 
Chandler Stephenson      0  0  0  -2  0   1  1  0  0  0  4/6    12:35   0:00   0:00 
Dylan Blujus             0  0  0  -2  0   2  0  0  1  0  0/0    18:47   3:17   1:34 
Eric Mestery             1  0  1   1  0   1  0  0  0  0  0/0     9:18   0:00   0:00 
Grant Besse              0  1  1  -1  0   1  2  0  1  0  0/0    19:19   3:33   0:00 
Jack Dougherty           0  0  0   1  2   0  0  0  0  1  0/0     9:26   0:00   0:00 
Jonathan Ferland         0  0  0   0  2   5  1  1  2  0  1/2    22:36   4:17   0:55 
Joonas Lyytinen          0  0  0   0  0   0  0  0  0  0  0/0     4:33   0:00   0:00 
Keegan Lowe              0  0  0  -2  0   1  1  2  0  1  0/0    27:22   4:39   2:24 
Kevin Rooney             0  1  1  -1  0   2  1  0  0  0  8/15   20:50   3:33   1:29 
Kyle Connor              0  0  0   0  0   0  0  0  0  0  0/0     3:25   0:06   0:00 
Nathan Gerbe             0  0  0   0  0   4  1  0  1  1  15/26  24:05   4:23   2:13 
Nick Foligno             0  0  0   0  0   2  2  0  0  0  0/1    20:18   4:17   0:09 
Philippe Myers           0  0  0   0  0   0  0  0  0  0  0/0     4:33   0:00   0:00 
Scott Harrington         0  0  0  -2  0   0  0  0  0  0  0/0    18:47   3:17   1:34 
Zachary Sanford          0  0  0   0  0   0  0  0  0  0  3/3     6:13   0:00   1:34 
Zemgus Girgensons        0  0  0  -1  0   3  1  0  0  0  0/0    20:48   3:33   1:36 

3 Stars

1 - Jonathan Marchessault (Tol)
2 - Drake Caggiula (Tol)
3 - Darcy Kuemper (Tol)

Power Play

Sewer Rats - 0 on 2 Attempt(s) - 0.00%
Senators - 0 on 4 Attempt(s) - 0.00%

Penalty Kill

Sewer Rats - 4 on 4 Attempt(s) - 100.00% - Score 0 goal in Penalty Kill
Senators - 2 on 2 Attempt(s) - 100.00% - Score 0 goal in Penalty Kill

Team Stat

Sewer Rats - Hits : 17 - Faceoff Wins : 22 - Blocked Shots : 11 - Penalty Minutes : 8
Senators - Hits : 12 - Faceoff Wins : 31 - Blocked Shots : 4 - Penalty Minutes : 4

Official

Referees : Unknown
Linesman : Unknown

Game Notes

4:42 of 3rd period - Sewer Rats goal is going for a video replay. After video review, Goal.
Chandler Stephenson is injured at 19:06 of 3rd period (Back)

Finance

Level 1 -- Attendance: 1984 (99.20%) -- Ticket Income $65,472
Level 2 -- Attendance: 877 (87.70%) -- Ticket Income $13,155
Total Attendance: 2861 (95.37%)
Total Ticket Income: $78,627
Other Income: $3,931
Total Income: $82,558

Sewer Rats

5 vs 5 Forward 
   Center                   Left Wing                Right Wing               Time % Phy DF OF 
 1 Vincent Trocheck         Daniel Carr              Mark Mancari             40     1   2  2  
 2 Jonathan Marchessault    Joseph Blandisi          Erik Condra              30     1   2  2  
 3 Drake Caggiula           Anthony Duclair          Dmitrij Jaskin           20     1   2  2  
 4 Zach Aston-Reese         Vincent Trocheck         Daniel Carr              10     1   2  2  

5 vs 5 Defense 
   Defense                  Defense                                           Time % Phy DF OF 
 1 Joel Edmundson           Jarred Tinordi                                    40     1   2  2  
 2 John Ramage              Ryan Murphy                                       30     1   2  2  
 3 Connor Carrick           Thomas Chabot                                     20     1   2  2  
 4 Xavier Ouellet           Jonathan Racine                                   10     1   2  2  

PowerPlay Forward 
   Center                   Left Wing                Right Wing               Time % Phy DF OF 
 1 Vincent Trocheck         Daniel Carr              Mark Mancari             60     1   2  2  
 2 Jonathan Marchessault    Joseph Blandisi          Dmitrij Jaskin           40     1   2  2  

PowerPlay Defense
   Defense                  Defense                                           Time % Phy DF OF 
 1 Joel Edmundson           Jarred Tinordi                                    60     1   2  2  
 2 John Ramage              Ryan Murphy                                       40     1   2  2  

Penalty Kill 4 Players Forward 
   Center                   Wing                     Time % Phy DF OF 
 1 Vincent Trocheck         Daniel Carr              60     1   2  2  
 2 Mark Mancari             Jonathan Marchessault    40     1   2  2  

Penalty Kill 4 Players Defense
   Defense                  Defense                  Time % Phy DF OF 
 1 Joel Edmundson           Jarred Tinordi           60     1   2  2  
 2 John Ramage              Ryan Murphy              40     1   2  2  

Penalty Kill - 3 Players Forward 
   Forward                                           Time % Phy DF OF 
 1 Vincent Trocheck                                  60     1   2  2  
 2 Daniel Carr                                       40     1   2  2  

Penalty Kill - 3 Players Defense
   Defense                  Defense                  Time % Phy DF OF 
 1 Joel Edmundson           Jarred Tinordi           60     1   2  2  
 2 John Ramage              Ryan Murphy              40     1   2  2  

4 vs 4 Forward 
   Center                   Wing                     Time % Phy DF OF 
 1 Vincent Trocheck         Daniel Carr              60     1   2  2  
 2 Mark Mancari             Jonathan Marchessault    40     1   2  2  

4 vs 4 Defense
   Defense                  Defense                  Time % Phy DF OF 
 1 Joel Edmundson           Jarred Tinordi           60     1   2  2  
 2 John Ramage              Ryan Murphy              40     1   2  2  

Last Minutes Offensive
   Center                   Left Wing                Right Wing               Defense                  Defense                  
   Vincent Trocheck         Daniel Carr              Mark Mancari             Joel Edmundson           Jarred Tinordi           

Last Minutes Defensive
   Center                   Left Wing                Right Wing               Defense                  Defense                  
   Vincent Trocheck         Daniel Carr              Mark Mancari             Joel Edmundson           Jarred Tinordi           

Goaltenders
Starting : Darcy Kuemper            
Backup : Marek Mazanek            

Extra Forwards
Normal : Jared McCann, Jonathan Marchessault, Drake Caggiula - PP : Jared McCann, Jonathan Marchessault - PK : Drake Caggiula
Extra Defensemen
Normal : Connor Carrick, Thomas Chabot, Xavier Ouellet - PP : Connor Carrick - PK : Thomas Chabot, Xavier Ouellet
Penalty Shots
Vincent Trocheck, Daniel Carr, Mark Mancari, Jonathan Marchessault, Dmitrij Jaskin

Scratches
Dominik Kubalik (Healthy), Josh Archibald (Healthy), Tyler Motte (Healthy), Chris Calhan (Healthy), Mark Friedman (Healthy)
Michael Dal Colle (Healthy), Matteson Iacopelli (Healthy), Adin Hill (Healthy), Antoine Bibeau (Healthy)

Senators

5 vs 5 Forward 
   Center                   Left Wing                Right Wing               Time % Phy DF OF 
 1 Nathan Gerbe             Nick Foligno             Jonathan Ferland         40     1   2  2  
 2 Kevin Rooney             Zemgus Girgensons        Grant Besse              30     1   2  2  
 3 Chandler Stephenson      A.J. Jenks               Brett Bulmer             20     1   2  2  
 4 Jonathan Ferland         Zachary Sanford          Nathan Gerbe             10     1   2  2  

5 vs 5 Defense 
   Defense                  Defense                                           Time % Phy DF OF 
 1 Anthony Bitetto          Keegan Lowe                                       40     1   2  2  
 2 Dylan Blujus             Scott Harrington                                  30     1   2  2  
 3 Eric Mestery             Jack Dougherty                                    20     1   2  2  
 4 Joonas Lyytinen          Philippe Myers                                    10     1   2  2  

PowerPlay Forward 
   Center                   Left Wing                Right Wing               Time % Phy DF OF 
 1 Nathan Gerbe             Nick Foligno             Jonathan Ferland         60     1   2  2  
 2 Kevin Rooney             Zemgus Girgensons        Grant Besse              40     1   2  2  

PowerPlay Defense
   Defense                  Defense                                           Time % Phy DF OF 
 1 Anthony Bitetto          Keegan Lowe                                       60     1   2  2  
 2 Dylan Blujus             Scott Harrington                                  40     1   2  2  

Penalty Kill 4 Players Forward 
   Center                   Wing                     Time % Phy DF OF 
 1 Jonathan Ferland         Nathan Gerbe             60     1   2  2  
 2 Nick Foligno             Zemgus Girgensons        40     1   2  2  

Penalty Kill 4 Players Defense
   Defense                  Defense                  Time % Phy DF OF 
 1 Anthony Bitetto          Keegan Lowe              60     1   2  2  
 2 Dylan Blujus             Scott Harrington         40     1   2  2  

Penalty Kill - 3 Players Forward 
   Forward                                           Time % Phy DF OF 
 1 Jonathan Ferland                                  60     1   2  2  
 2 Nathan Gerbe                                      40     1   2  2  

Penalty Kill - 3 Players Defense
   Defense                  Defense                  Time % Phy DF OF 
 1 Anthony Bitetto          Keegan Lowe              60     1   2  2  
 2 Dylan Blujus             Scott Harrington         40     1   2  2  

4 vs 4 Forward 
   Center                   Wing                     Time % Phy DF OF 
 1 Jonathan Ferland         Nathan Gerbe             60     1   2  2  
 2 Nick Foligno             Zemgus Girgensons        40     1   2  2  

4 vs 4 Defense
   Defense                  Defense                  Time % Phy DF OF 
 1 Anthony Bitetto          Keegan Lowe              60     1   2  2  
 2 Dylan Blujus             Scott Harrington         40     1   2  2  

Last Minutes Offensive
   Center                   Left Wing                Right Wing               Defense                  Defense                  
   Nathan Gerbe             Nick Foligno             Jonathan Ferland         Anthony Bitetto          Keegan Lowe              

Last Minutes Defensive
   Center                   Left Wing                Right Wing               Defense                  Defense                  
   Nathan Gerbe             Nick Foligno             Jonathan Ferland         Anthony Bitetto          Keegan Lowe              

Goaltenders
Starting : Justin Peters            
Backup : Sami Aittokallio         

Extra Forwards
Normal : Kyle Connor, A.J. Jenks, Zachary Sanford - PP : Kyle Connor, A.J. Jenks - PK : Zachary Sanford
Extra Defensemen
Normal : Eric Mestery, Jack Dougherty, Joonas Lyytinen - PP : Eric Mestery - PK : Jack Dougherty, Joonas Lyytinen
Penalty Shots
Jonathan Ferland, Nathan Gerbe, Nick Foligno, Zemgus Girgensons, A.J. Jenks

Scratches
Jordan Schroeder (Healthy), Zach Nastasiuk (Healthy), Tomas Jurco (Healthy), Anthony Richard (Healthy), Joel Eriksson Ek (Healthy)
Jonas Siegenthaler (Healthy), Mason Geertsen (Healthy), Blake Coleman (Healthy), Branden Troock (Healthy), Gustav Forsling (Healthy)
Warren Foegele (Healthy), Jake Evans (Healthy), Adam Ollas-Mattsson (Healthy), Maxim Letunov (Healthy), Pontus Sjalin (Healthy)
Keven Bouchard (Healthy)

% Time on Ice - Sewer Rats

Lines # - Real PCT - Wanted PCT - Time Play
Normal Forward
1 - 33% - 40% - 15:53
2 - 32% - 30% - 15:15
3 - 26% - 20% - 12:22
4 - 10% - 10% - 4:36
Normal Defense
1 - 38% - 40% - 18:09
2 - 27% - 30% - 12:50
3 - 23% - 20% - 11:06
4 - 13% - 10% - 6:01
PP Forward
1 - 56% - 60% - 2:14
2 - 44% - 40% - 1:44
PP Defense
1 - 48% - 60% - 1:55
2 - 52% - 40% - 2:03
PK Forward
1 - 70% - 60% - 5:33
2 - 30% - 40% - 2:23
PK Defense
1 - 60% - 60% - 4:46
2 - 40% - 40% - 3:10
PK3 Forward
1 - 0% - 60%
2 - 0% - 40%
PK3 Defense
1 - 0% - 60%
2 - 0% - 40%
44 Forward
1 - 0% - 60%
2 - 0% - 40%
44 Defense
1 - 0% - 60%
2 - 0% - 40%
Last Minute Offensive  - 0:00
Last Minute Defensive  - 0:00
Total
Forward - 60:00
Defense - 60:00

% Time on Ice - Senators

Lines # - Real PCT - Wanted PCT - Time Play
Normal Forward
1 - 33% - 40% - 16:05
2 - 33% - 30% - 15:39
3 - 27% - 20% - 12:48
4 - 7% - 10% - 3:34
Normal Defense
1 - 42% - 40% - 20:19
2 - 29% - 30% - 13:56
3 - 19% - 20% - 9:18
4 - 9% - 10% - 4:33
PP Forward
1 - 55% - 60% - 4:23
2 - 45% - 40% - 3:33
PP Defense
1 - 59% - 60% - 4:39
2 - 41% - 40% - 3:17
PK Forward
1 - 96% - 60% - 3:49
2 - 4% - 40% - 0:09
PK Defense
1 - 61% - 60% - 2:24
2 - 39% - 40% - 1:34
PK3 Forward
1 - 0% - 60%
2 - 0% - 40%
PK3 Defense
1 - 0% - 60%
2 - 0% - 40%
44 Forward
1 - 0% - 60%
2 - 0% - 40%
44 Defense
1 - 0% - 60%
2 - 0% - 40%
Last Minute Offensive  - 0:00
Last Minute Defensive  - 0:00
Total
Forward - 60:00
Defense - 60:00

Play-by-Play

1st period


0:01 of 1st period - Vincent Trocheck wins face-off versus Nathan Gerbe in neutral zone.
0:57 of 1st period - Slapshot by Dmitrij Jaskin.
0:57 of 1st period - Stopped by Justin Peters with a rebound.
1:25 of 1st period - Minor Penalty to Thomas Chabot for Boarding.
1:26 of 1st period - Vincent Trocheck wins face-off versus Nathan Gerbe in Sewer Rats zone.
1:37 of 1st period - Backhand shot by Anthony Bitetto.
1:37 of 1st period - Shot Blocked by Vincent Trocheck.
1:39 of 1st period - Slapshot by Nick Foligno.
1:39 of 1st period - Stopped by Darcy Kuemper without a rebound.
1:40 of 1st period - Nathan Gerbe wins face-off versus Vincent Trocheck in Sewer Rats zone.
3:25 of 1st period - Penalty to Thomas Chabot is over, Thomas Chabot is back on ice.
3:33 of 1st period - Snap shot by Chandler Stephenson.
3:33 of 1st period - Stopped by Darcy Kuemper without a rebound.
3:34 of 1st period - Chandler Stephenson wins face-off versus Drake Caggiula in Sewer Rats zone.
3:39 of 1st period - Snap shot by Chandler Stephenson.
3:39 of 1st period - Shot Misses the Net.
3:41 of 1st period - Wrist shot by Brett Bulmer.
3:41 of 1st period - Shot Blocked by Dmitrij Jaskin.
4:52 of 1st period - Nathan Gerbe is hit by Erik Condra and loses puck.
5:33 of 1st period - Snap shot by Vincent Trocheck.
5:33 of 1st period - Stopped by Justin Peters with a rebound.
5:35 of 1st period - Slapshot by Daniel Carr.
5:35 of 1st period - Shot Blocked by Keegan Lowe.
5:37 of 1st period - Snap shot by Vincent Trocheck.
5:37 of 1st period - Stopped by Justin Peters without a rebound.
5:38 of 1st period - Vincent Trocheck wins face-off versus Kevin Rooney in Senators zone.
5:41 of 1st period - Slapshot by Vincent Trocheck.
5:41 of 1st period - Stopped by Justin Peters without a rebound.
5:42 of 1st period - Kevin Rooney wins face-off versus Vincent Trocheck in Senators zone.
5:42 of 1st period - Kevin Rooney is hit by Jarred Tinordi.
5:48 of 1st period - Kevin Rooney is hit by Mark Mancari.
5:53 of 1st period - Icing by Zemgus Girgensons.
5:54 of 1st period - Vincent Trocheck wins face-off versus Kevin Rooney in Senators zone.
6:23 of 1st period - Jarred Tinordi is hit by Nathan Gerbe and loses puck.
6:28 of 1st period - Wrist shot by Jonathan Ferland.
6:28 of 1st period - Stopped by Darcy Kuemper with a rebound.
6:30 of 1st period - Slapshot by Nick Foligno.
6:30 of 1st period - Shot Misses the Net.
6:42 of 1st period - Snap shot by Chandler Stephenson.
6:42 of 1st period - Deflect By A.J. Jenks.
6:42 of 1st period - Stopped by Darcy Kuemper with a rebound.
6:44 of 1st period - Slapshot by Anthony Bitetto.
6:44 of 1st period - Shot Misses the Net.
6:46 of 1st period - Wrist shot by Chandler Stephenson.
6:46 of 1st period - Shot Blocked by Jarred Tinordi.
6:48 of 1st period - Slapshot by Keegan Lowe.
6:48 of 1st period - Stopped by Darcy Kuemper with a rebound.
7:00 of 1st period - Zemgus Girgensons is hit by Joel Edmundson and loses puck.
7:19 of 1st period - Snap shot by Nathan Gerbe.
7:19 of 1st period - Shot Misses the Net.
8:08 of 1st period - Jonathan Marchessault is hit by Jonathan Ferland and loses puck.
8:19 of 1st period - Snap shot by A.J. Jenks.
8:19 of 1st period - Deflect By Brett Bulmer.
8:19 of 1st period - Stopped by Darcy Kuemper with a rebound.
8:21 of 1st period - Wrist shot by Brett Bulmer.
8:21 of 1st period - Stopped by Darcy Kuemper with a rebound.
9:09 of 1st period - Kevin Rooney is hit by Drake Caggiula and loses puck.
9:30 of 1st period - Erik Condra is hit by Chandler Stephenson and loses puck.
10:29 of 1st period - Erik Condra is hit by A.J. Jenks and loses puck.
10:54 of 1st period - Thomas Chabot is hit by Zemgus Girgensons and loses puck.
19:56 of 1st period - Icing by Brett Bulmer.
19:57 of 1st period - Nathan Gerbe wins face-off versus Vincent Trocheck in Senators zone.
Goals for this period are 0 for Sewer Rats vs 0 for Senators.
Shots for this period are 4 for Sewer Rats vs 7 for Senators.

2nd period


0:01 of 2nd period - Nathan Gerbe wins face-off versus Vincent Trocheck in neutral zone.
0:04 of 2nd period - Slapshot by Anthony Bitetto.
0:04 of 2nd period - Stopped by Darcy Kuemper without a rebound.
0:05 of 2nd period - Nathan Gerbe wins face-off versus Vincent Trocheck in Sewer Rats zone.
0:38 of 2nd period - Wrist shot by Zemgus Girgensons.
0:38 of 2nd period - Stopped by Darcy Kuemper with a rebound.
0:54 of 2nd period - Snap shot by Chandler Stephenson.
0:54 of 2nd period - Shot Blocked by Anthony Duclair.
1:16 of 2nd period - Snap shot by Nathan Gerbe.
1:16 of 2nd period - Stopped by Darcy Kuemper with a rebound.
1:18 of 2nd period - Snap shot by Jonathan Ferland.
1:18 of 2nd period - Stopped by Darcy Kuemper without a rebound.
1:19 of 2nd period - Jonathan Marchessault wins face-off versus Kevin Rooney in Sewer Rats zone.
1:24 of 2nd period - Wrist shot by Joseph Blandisi.
1:24 of 2nd period - Shot Misses the Net.
1:31 of 2nd period - Minor Penalty to Joseph Blandisi for Tripping.
1:32 of 2nd period - Nathan Gerbe wins face-off versus Vincent Trocheck in Sewer Rats zone.
1:34 of 2nd period - Wrist shot by Jonathan Ferland.
1:34 of 2nd period - Shot Misses the Net.
1:36 of 2nd period - Wrist shot by Dylan Blujus.
1:36 of 2nd period - Stopped by Darcy Kuemper without a rebound.
1:37 of 2nd period - Nathan Gerbe wins face-off versus Vincent Trocheck in Sewer Rats zone.
1:42 of 2nd period - Backhand shot by Jonathan Ferland.
1:42 of 2nd period - Stopped by Darcy Kuemper without a rebound.
1:43 of 2nd period - Nathan Gerbe wins face-off versus Vincent Trocheck in Sewer Rats zone.
1:44 of 2nd period - Wrist shot by Jonathan Ferland.
1:44 of 2nd period - Shot Blocked by Jarred Tinordi.
1:46 of 2nd period - Wrist shot by Nathan Gerbe.
1:46 of 2nd period - Stopped by Darcy Kuemper with a rebound.
1:48 of 2nd period - Slapshot by Anthony Bitetto.
1:48 of 2nd period - Shot Misses the Net.
2:08 of 2nd period - Joel Edmundson is hit by Grant Besse and loses puck.
3:31 of 2nd period - Penalty to Joseph Blandisi is over, Joseph Blandisi is back on ice.
3:39 of 2nd period - Snap shot by Drake Caggiula.
3:39 of 2nd period - Stopped by Justin Peters with a rebound.
4:22 of 2nd period - Minor Penalty to Jack Dougherty for Interference.
4:23 of 2nd period - Vincent Trocheck wins face-off versus Jonathan Ferland in Senators zone.
4:48 of 2nd period - Jonathan Ferland is hit by Dmitrij Jaskin and loses puck.
5:45 of 2nd period - Anthony Bitetto is hit by Joel Edmundson and loses puck.
6:22 of 2nd period - Penalty to Jack Dougherty is over, Jack Dougherty is back on ice.
6:40 of 2nd period - Slapshot by Kevin Rooney.
6:40 of 2nd period - Shot Misses the Net.
6:58 of 2nd period - Snap shot by Jonathan Ferland.
6:58 of 2nd period - Stopped by Darcy Kuemper with a rebound.
11:21 of 2nd period - Anthony Duclair is hit by Nick Foligno and loses puck.
11:39 of 2nd period - Icing by Thomas Chabot.
11:40 of 2nd period - Chandler Stephenson wins face-off versus Jonathan Marchessault in Sewer Rats zone.
11:41 of 2nd period - Snap shot by A.J. Jenks.
11:41 of 2nd period - Shot Misses the Net.
11:57 of 2nd period - Snap shot by Daniel Carr.
11:57 of 2nd period - Deflect By Mark Mancari.
11:57 of 2nd period - Stopped by Justin Peters without a rebound.
11:58 of 2nd period - Nathan Gerbe wins face-off versus Vincent Trocheck in Senators zone.
11:58 of 2nd period - Nathan Gerbe is hit by Daniel Carr.
12:04 of 2nd period - Snap shot by Vincent Trocheck.
12:04 of 2nd period - Shot Misses the Net.
12:06 of 2nd period - Snap shot by Mark Mancari.
12:06 of 2nd period - Shot Misses the Net.
12:08 of 2nd period - Wrist shot by Jarred Tinordi.
12:08 of 2nd period - Shot Misses the Net.
12:10 of 2nd period - Snap shot by Mark Mancari.
12:10 of 2nd period - Shot Blocked by Anthony Bitetto.
12:20 of 2nd period - Slapshot by Keegan Lowe.
12:20 of 2nd period - Shot Blocked by Drake Caggiula.
12:42 of 2nd period - Snap shot by Erik Condra.
12:42 of 2nd period - Stopped by Justin Peters with a rebound.
13:16 of 2nd period - Snap shot by Grant Besse.
13:16 of 2nd period - Stopped by Darcy Kuemper without a rebound.
13:17 of 2nd period - Drake Caggiula wins face-off versus Kevin Rooney in Sewer Rats zone.
13:19 of 2nd period - Icing by Dmitrij Jaskin.
13:20 of 2nd period - Nathan Gerbe wins face-off versus Drake Caggiula in Sewer Rats zone.
14:17 of 2nd period - Joseph Blandisi is hit by Brett Bulmer and loses puck.
14:34 of 2nd period - Wrist shot by Anthony Duclair.
14:34 of 2nd period - Shot Misses the Net.
17:21 of 2nd period - Icing by Drake Caggiula.
17:22 of 2nd period - Nathan Gerbe wins face-off versus Vincent Trocheck in Sewer Rats zone.
17:25 of 2nd period - Snap shot by Nick Foligno.
17:25 of 2nd period - Shot Blocked by Mark Mancari.
17:37 of 2nd period - Wrist shot by Kevin Rooney.
17:37 of 2nd period - Deflect By Grant Besse.
17:37 of 2nd period - Shot Misses the Net.
17:37 of 2nd period - Puck is out of play.
17:38 of 2nd period - Kevin Rooney wins face-off versus Drake Caggiula in Sewer Rats zone.
17:51 of 2nd period - Backhand shot by Keegan Lowe.
17:51 of 2nd period - Shot Misses the Net.
17:59 of 2nd period - Minor Penalty to Jarred Tinordi for Tripping.
18:00 of 2nd period - Jonathan Ferland wins face-off versus Vincent Trocheck in Sewer Rats zone.
18:03 of 2nd period - Wrist shot by Nick Foligno.
18:03 of 2nd period - Deflect By Jonathan Ferland.
18:03 of 2nd period - Shot Misses the Net.
18:03 of 2nd period - Puck is out of play.
18:04 of 2nd period - Nathan Gerbe wins face-off versus Vincent Trocheck in Sewer Rats zone.
18:49 of 2nd period - Scott Harrington is hit by Daniel Carr and loses puck.
19:12 of 2nd period - Jonathan Marchessault is hit by Nick Foligno and loses puck.
19:59 of 2nd period - Penalty to Jarred Tinordi is over, Jarred Tinordi is back on ice.
Goals for this period are 0 for Sewer Rats vs 0 for Senators.
Shots for this period are 3 for Sewer Rats vs 9 for Senators.

3rd period


0:01 of 3rd period - Vincent Trocheck wins face-off versus Nathan Gerbe in neutral zone.
0:10 of 3rd period - Snap shot by Mark Mancari.
0:10 of 3rd period - Stopped by Justin Peters without a rebound.
0:11 of 3rd period - Nathan Gerbe wins face-off versus Vincent Trocheck in Senators zone.
0:45 of 3rd period - Slapshot by John Ramage.
0:45 of 3rd period - Stopped by Justin Peters without a rebound.
0:46 of 3rd period - Kevin Rooney wins face-off versus Vincent Trocheck in Senators zone.
0:46 of 3rd period - Kevin Rooney is hit by Vincent Trocheck.
1:15 of 3rd period - Jonathan Ferland is hit by Erik Condra and loses puck.
2:05 of 3rd period - Off-side.
2:06 of 3rd period - Jonathan Marchessault wins face-off versus Nathan Gerbe in neutral zone.
2:35 of 3rd period - Wrist shot by Grant Besse.
2:35 of 3rd period - Shot Misses the Net.
2:37 of 3rd period - Wrist shot by Eric Mestery.
2:37 of 3rd period - Goal by Eric Mestery - Sewer Rats : 0 - Senators : 1.
2:38 of 3rd period - Vincent Trocheck wins face-off versus Nathan Gerbe in neutral zone.
2:41 of 3rd period - Keegan Lowe is hit by Daniel Carr and loses puck.
2:46 of 3rd period - Wrist shot by Mark Mancari.
2:46 of 3rd period - Shot Blocked by Keegan Lowe.
2:48 of 3rd period - Snap shot by Vincent Trocheck.
2:48 of 3rd period - Stopped by Justin Peters with a rebound.
2:52 of 3rd period - Snap shot by Daniel Carr.
2:52 of 3rd period - Shot Misses the Net.
2:54 of 3rd period - Snap shot by Vincent Trocheck.
2:54 of 3rd period - Shot Blocked by Jonathan Ferland.
3:10 of 3rd period - Wrist shot by Zemgus Girgensons.
3:10 of 3rd period - Stopped by Darcy Kuemper without a rebound.
3:11 of 3rd period - Vincent Trocheck wins face-off versus Kevin Rooney in Sewer Rats zone.
3:18 of 3rd period - Snap shot by Kevin Rooney.
3:18 of 3rd period - Stopped by Darcy Kuemper without a rebound.
3:19 of 3rd period - Kevin Rooney wins face-off versus Vincent Trocheck in Sewer Rats zone.
3:20 of 3rd period - Wrist shot by Zemgus Girgensons.
3:20 of 3rd period - Shot Blocked by Ryan Murphy.
3:22 of 3rd period - Snap shot by Kevin Rooney.
3:22 of 3rd period - Stopped by Darcy Kuemper without a rebound.
3:23 of 3rd period - Vincent Trocheck wins face-off versus Nick Foligno in Sewer Rats zone.
3:52 of 3rd period - Snap shot by Jonathan Marchessault.
3:52 of 3rd period - Goal by Jonathan Marchessault - Sewer Rats : 1 - Senators : 1.
3:53 of 3rd period - Daniel Carr wins face-off versus Nathan Gerbe in neutral zone.
4:19 of 3rd period - Grant Besse is hit by Joseph Blandisi and loses puck.
4:40 of 3rd period - Slapshot by Ryan Murphy.
4:40 of 3rd period - Stopped by Justin Peters with a rebound.
4:42 of 3rd period - Slapshot by John Ramage.
4:42 of 3rd period - Sewer Rats goal is going for a video replay.
4:42 of 3rd period - The goal is good.
4:42 of 3rd period - Goal by John Ramage - Sewer Rats : 2 - Senators : 1.
4:43 of 3rd period - Nathan Gerbe wins face-off versus Daniel Carr in neutral zone.
5:55 of 3rd period - Minor Penalty to Jonathan Ferland for Goalie Interference.
5:56 of 3rd period - Zachary Sanford wins face-off versus Vincent Trocheck in Senators zone.
6:23 of 3rd period - Kevin Rooney is hit by Daniel Carr and loses puck.
6:38 of 3rd period - Snap shot by Dmitrij Jaskin.
6:38 of 3rd period - Deflect By Joseph Blandisi.
6:38 of 3rd period - Stopped by Justin Peters without a rebound.
6:39 of 3rd period - Zachary Sanford wins face-off versus Joseph Blandisi in Senators zone.
7:43 of 3rd period - Icing by Ryan Murphy.
7:44 of 3rd period - Kevin Rooney wins face-off versus Jonathan Marchessault in Sewer Rats zone.
7:55 of 3rd period - Penalty to Jonathan Ferland is over, Jonathan Ferland is back on ice.
8:40 of 3rd period - Wrist shot by Nathan Gerbe.
8:40 of 3rd period - Stopped by Darcy Kuemper without a rebound.
8:41 of 3rd period - Vincent Trocheck wins face-off versus Nathan Gerbe in Sewer Rats zone.
8:49 of 3rd period - Icing by Nick Foligno.
8:50 of 3rd period - Nathan Gerbe wins face-off versus Vincent Trocheck in Senators zone.
8:59 of 3rd period - Jarred Tinordi is hit by Keegan Lowe and loses puck.
9:04 of 3rd period - Wrist shot by Nathan Gerbe.
9:04 of 3rd period - Shot Misses the Net.
9:06 of 3rd period - Wrist shot by Nick Foligno.
9:06 of 3rd period - Shot Blocked by Daniel Carr.
9:40 of 3rd period - Off-side.
9:41 of 3rd period - Kevin Rooney wins face-off versus Jonathan Marchessault in neutral zone.
9:54 of 3rd period - Wrist shot by Zemgus Girgensons.
9:54 of 3rd period - Shot Misses the Net.
9:56 of 3rd period - Minor Penalty to Jonathan Marchessault for Kneeing.
9:57 of 3rd period - Kevin Rooney wins face-off versus Vincent Trocheck in Sewer Rats zone.
9:58 of 3rd period - Slapshot by Zemgus Girgensons.
9:58 of 3rd period - Shot Blocked by Jarred Tinordi.
10:00 of 3rd period - Snap shot by Zemgus Girgensons.
10:00 of 3rd period - Stopped by Darcy Kuemper without a rebound.
10:01 of 3rd period - Vincent Trocheck wins face-off versus Kevin Rooney in Sewer Rats zone.
10:01 of 3rd period - Vincent Trocheck is hit by Kevin Rooney.
10:33 of 3rd period - Wrist shot by Nathan Gerbe.
10:33 of 3rd period - Stopped by Darcy Kuemper without a rebound.
10:34 of 3rd period - Mark Mancari wins face-off versus Nathan Gerbe in Sewer Rats zone.
11:56 of 3rd period - Penalty to Jonathan Marchessault is over, Jonathan Marchessault is back on ice.
12:01 of 3rd period - Slapshot by Vincent Trocheck.
12:01 of 3rd period - Shot Misses the Net.
12:13 of 3rd period - Wrist shot by Jonathan Marchessault.
12:13 of 3rd period - Stopped by Justin Peters without a rebound.
12:14 of 3rd period - Chandler Stephenson wins face-off versus Jonathan Marchessault in Senators zone.
12:29 of 3rd period - Snap shot by A.J. Jenks.
12:29 of 3rd period - Shot Blocked by Joseph Blandisi.
12:45 of 3rd period - Snap shot by Zemgus Girgensons.
12:45 of 3rd period - Shot Misses the Net.
12:47 of 3rd period - Wrist shot by Zemgus Girgensons.
12:47 of 3rd period - Deflect By Grant Besse.
12:47 of 3rd period - Shot Misses the Net.
12:47 of 3rd period - Puck is out of play.
12:48 of 3rd period - Vincent Trocheck wins face-off versus Nathan Gerbe in Sewer Rats zone.
13:13 of 3rd period - Keegan Lowe is hit by Dmitrij Jaskin and loses puck.
13:18 of 3rd period - Wrist shot by Drake Caggiula.
13:18 of 3rd period - Goal by Drake Caggiula - Sewer Rats : 3 - Senators : 1.
13:19 of 3rd period - Vincent Trocheck wins face-off versus Nathan Gerbe in neutral zone.
13:32 of 3rd period - Snap shot by Nathan Gerbe.
13:32 of 3rd period - Shot Misses the Net.
13:34 of 3rd period - Slapshot by Nick Foligno.
13:34 of 3rd period - Stopped by Darcy Kuemper without a rebound.
13:35 of 3rd period - Jonathan Marchessault wins face-off versus Kevin Rooney in Sewer Rats zone.
13:35 of 3rd period - Jonathan Marchessault is hit by Grant Besse.
16:28 of 3rd period - Snap shot by Drake Caggiula.
16:28 of 3rd period - Stopped by Justin Peters without a rebound.
16:29 of 3rd period - Jared McCann wins face-off versus Chandler Stephenson in Senators zone.
16:30 of 3rd period - Slapshot by Dmitrij Jaskin.
16:30 of 3rd period - Deflect By Drake Caggiula.
16:30 of 3rd period - Shot Misses the Net.
16:30 of 3rd period - Puck is out of play.
16:31 of 3rd period - Drake Caggiula wins face-off versus Chandler Stephenson in Senators zone.
16:42 of 3rd period - Wrist shot by Dmitrij Jaskin.
16:42 of 3rd period - Deflect By Drake Caggiula.
16:42 of 3rd period - Stopped by Justin Peters without a rebound.
16:43 of 3rd period - Zachary Sanford wins face-off versus Zach Aston-Reese in Senators zone.
16:46 of 3rd period - Wrist shot by Daniel Carr.
16:46 of 3rd period - Shot Misses the Net.
17:19 of 3rd period - Snap shot by Zemgus Girgensons.
17:19 of 3rd period - Shot Misses the Net.
17:35 of 3rd period - Snap shot by Jonathan Marchessault.
17:35 of 3rd period - Goal by Jonathan Marchessault - Sewer Rats : 4 - Senators : 1.
17:36 of 3rd period - Nathan Gerbe wins face-off versus Daniel Carr in neutral zone.
17:39 of 3rd period - Snap shot by Dylan Blujus.
17:39 of 3rd period - Stopped by Darcy Kuemper with a rebound.
17:41 of 3rd period - Snap shot by Nathan Gerbe.
17:41 of 3rd period - Shot Misses the Net.
17:43 of 3rd period - Slapshot by Scott Harrington.
17:43 of 3rd period - Shot Misses the Net.
17:51 of 3rd period - Snap shot by Jonathan Ferland.
17:51 of 3rd period - Stopped by Darcy Kuemper without a rebound.
17:52 of 3rd period - Kevin Rooney wins face-off versus Jonathan Marchessault in Sewer Rats zone.
17:53 of 3rd period - Snap shot by Zemgus Girgensons.
17:53 of 3rd period - Shot Misses the Net.
18:17 of 3rd period - Grant Besse is hit by Dmitrij Jaskin and loses puck.
18:24 of 3rd period - Wrist shot by Dmitrij Jaskin.
18:24 of 3rd period - Shot Misses the Net.
19:02 of 3rd period - Snap shot by Jonathan Marchessault.
19:02 of 3rd period - Stopped by Justin Peters with a rebound.
19:04 of 3rd period - Wrist shot by Jonathan Marchessault.
19:04 of 3rd period - Stopped by Justin Peters without a rebound.
19:05 of 3rd period - Chandler Stephenson wins face-off versus Jonathan Marchessault in Senators zone.
19:05 of 3rd period - Chandler Stephenson is hit by Jarred Tinordi.
19:06 of 3rd period - Chandler Stephenson from Senators is injured at 19:06 of 3rd period (Back).
19:07 of 3rd period - Vincent Trocheck wins face-off versus Nathan Gerbe in Senators zone.
Goals for this period are 4 for Sewer Rats vs 1 for Senators.
Shots for this period are 14 for Sewer Rats vs 10 for Senators.